Map: Orbital Shipyard

Players

ViBE - Winner!

  • Race: Zerg Zerg
  • League: Grandmaster

Jyostar (Jyostar, ViBE)

  • Race: Terran Terran
  • League: Grandmaster

VOD

Have the link to the VOD?

Description

Time

  • Played on: March 7, 2016, 9:01 p.m.
  • Length: 14:52
Show
View Real Time Build Order
Export as new Build Order

ViBE Zerg - Winner!

Build Orders: Hatch First, Muta Ling Bane 

Get SALT Encoding   

  12  0:01  Drone  
  13  0:09  Drone  
  14  0:17  Overlord  
  14  0:25  Extractor, Drone  
  16  0:35  Drone  
  16  0:36  Drone  
  17  0:53  Hatchery  
  16  0:57  Drone  
  16  0:59  Drone  
  18  1:14  Spawning Pool  
  18  1:17  Extractor  
  18  1:18  Drone  
  17  1:20  Drone  
  18  1:29  Drone  
  19  1:38  Overlord  
  19  1:54  Drone  
  19  2:00  Queen  
  22  2:02  Zergling x2  
  22  2:04  Queen  
  22  2:07  Drone  
  26  2:21  Metabolic Boost  
  26  2:27  Extractor  
  26  2:28  Drone x4  
  29  2:36  Drone  
  30  2:37  Queen  
  32  2:47  Extractor  
  32  2:49  Drone x3  
  35  2:54  Overlord  
  35  3:03  Overlord  
  36  3:09  Extractor  
  35  3:19  Extractor  
  35  3:20  Drone x6  
  35  3:21  Drone x2  
  35  3:23  Extractor  
  35  3:24  Extractor  
  41  3:30  Hatchery  
  41  3:34  Queen  
  41  3:38  Drone x2  
  41  3:39  Roach Warren  
  44  3:43  Overlord  
  44  3:49  Drone x4  
  48  4:00  Drone x4  
  52  4:03  Lair  
  52  4:09  Extractor, Zergling x4  
  53  4:15  Zergling x2  
  54  4:25  Drone x2  
  54  4:27  Drone  
  57  4:31  Baneling Nest  
  57  4:35  Zergling x10  
  56  4:57  Drone  
  56  4:58  Drone x10  
  66  5:11  Spire  
  65  5:18  Overlord  
  65  5:20  Overlord  
  65  5:21  Overlord  
  65  5:29  Centrifical Hooks  
  65  5:33  Drone, Evolution Chamber  
  65  5:34  Evolution Chamber  
  64  5:37  Extractor, Drone x2  
  64  5:38  Drone x2  
  64  5:39  Extractor, Drone x3  
  69  5:56  Drone x3  
  72  5:57  Drone x3  
  72  5:58  Drone  
  72  5:59  Drone x2  
  72  6:00  Drone x2  
  72  6:01  Hatchery  
  72  6:03  Zerg Melee Weapons Level 1, Zerg Ground Armor Level 1  
  79  6:05  Overseer  
  79  6:06  Overseer  
  79  6:07  Pneumatized Carapace  
  79  6:13  Zergling x10  
  79  6:17  Zergling x6  
  79  6:18  Zergling x2  
  88  6:26  Zerg Flyer Weapons Level 1  
  88  6:27  Overlord  
  88  6:28  Overlord  
  88  6:33  Baneling x6  
  88  6:35  Mutalisk  
  90  6:44  Overlord x3  
  90  6:51  Mutalisk x6  
  102  7:12  Mutalisk x4  
  94  7:34  Drone x3  
  94  7:35  Drone x2  
  94  7:36  Drone x5  
  104  7:38  Drone  
  105  7:48  Drone x9  
  114  7:52  Baneling x11  
  114  7:53  Baneling x2  
  114  7:57  Zergling x8  
  114  7:58  Infestation Pit  
  117  8:00  Zerg Ground Armor Level 2  
  117  8:06  Drone x7  
  124  8:13  Zerg Melee Weapons Level 2  
  124  8:15  Zergling x6  
  124  8:18  Extractor x2  
  125  8:34  Drone x5  
  128  8:35  Drone  
  128  8:40  Hatchery  
  130  8:41  Baneling  
  130  8:42  Baneling x11  
  130  8:46  Zergling x6, Hive  
  130  8:47  Zergling x4  
  130  8:48  Overlord x6  
  135  8:49  Overlord x2  
  135  9:08  Hatchery  
  130  9:10  Zergling x4  
  130  9:11  Zergling x22  
  130  9:12  Zergling x10  
  148  9:27  Mutalisk  
  148  9:28  Mutalisk x7  
  152  9:42  Zergling x22  
  160  9:49  Baneling x13  
  160  10:01  Zerg Flyer Weapons Level 2  
  160  10:04  Ultralisk Cavern  
  140  10:14  Zergling x2  
  140  10:15  Zergling x36  
  140  10:18  Baneling  
  140  10:19  Baneling x13  
  155  10:40  Zergling x4  
  155  10:41  Zergling x28  
  146  11:03  Zergling x20  
  148  11:09  Zergling x10  
  150  11:14  Chitinous Plating  
  150  11:15  Zerg Melee Weapons Level 3, Zerg Ground Armor Level 3  
  150  11:27  Ultralisk x3  
  150  11:28  Ultralisk  
  150  11:29  Queen x3  
  180  11:50  Hatchery  
  179  12:03  Spore Crawler  
  179  12:05  Zergling x28  
  179  12:06  Spore Crawler x3  
  189  12:15  Pathogen Glands  
  189  12:18  Greater Spire  
  189  12:42  Zergling x14  
  189  12:43  Zergling x4  
  198  12:47  Spine Crawler x2  
  198  12:48  Spine Crawler x2  
  194  12:53  Baneling  
  194  12:54  Baneling x16  
  194  12:55  Burrow  
  186  13:08  Extractor  
  183  13:13  Extractor  
  183  13:18  Baneling  
  183  13:19  Baneling x17  
  161  13:41  Hatchery  
  160  13:54  Drone  
  160  13:55  Drone x3  
  163  13:56  Drone x2  
  163  14:00  Zergling x8  
  163  14:01  Zergling x20  
  163  14:02  Overlord x3  
  180  14:03  Hatchery  
Show
View Real Time Build Order
Export as new Build Order

Jyostar Terran 

Build Orders: Reaper Expand, Bio Mine 

Get SALT Encoding   

  12  0:00  SCV  
  13  0:12  SCV  
  14  0:17  Supply Depot  
  14  0:24  SCV  
  15  0:39  SCV  
  15  0:41  Barracks  
  16  0:45  Refinery  
  16  0:51  SCV  
  17  1:03  SCV  
  18  1:15  SCV  
  19  1:30  Orbital Command, Reaper  
  20  1:42  Command Center  
  20  1:54  Supply Depot  
  20  2:01  SCV  
  20  2:05  Marine  
  20  2:08  Factory  
  22  2:13  SCV  
  23  2:24  Barracks Reactor  
  23  2:34  SCV  
  24  2:40  Command Center  
  24  2:46  SCV  
  25  2:56  Orbital Command  
  25  3:00  SCV  
  26  3:05  Factory Tech Lab  
  26  3:16  SCV  
  26  3:17  Barracks Tech Lab  
  27  3:21  Hellion x2  
  31  3:27  SCV  
  31  3:28  SCV  
  33  3:36  Stimpack  
  33  3:40  Refinery  
  33  3:42  Hellion x2  
  33  3:43  Barracks  
  33  3:44  Barracks  
  33  3:46  SCV  
  33  3:47  SCV  
  39  3:53  Orbital Command  
  39  3:58  Marine  
  40  4:03  Starport  
  40  4:05  SCV x2  
  42  4:17  SCV x2  
  42  4:20  SCV  
  46  4:38  SCV  
  43  4:40  Barracks Reactor  
  43  4:41  Barracks Reactor  
  43  4:42  SCV x2  
  42  4:56  SCV  
  42  4:57  SCV x2  
  42  4:59  Refinery  
  42  5:00  Refinery  
  42  5:02  Barracks x2  
  42  5:04  Engineering Bay, Widow Mine x2  
  42  5:05  Engineering Bay  
  46  5:08  Starport Reactor  
  46  5:10  SCV x3  
  49  5:18  Orbital Command, Supply Depot  
  49  5:19  Supply Depot  
  49  5:20  Marine x5  
  54  5:27  SCV x2  
  56  5:32  Widow Mine x2  
  60  5:39  Marine x4  
  60  5:40  SCV x2  
  60  5:41  Marine  
  67  5:43  Terran Infantry Armor Level 1, Terran Infantry Weapons Level 1  
  67  5:46  SCV  
  68  5:53  Medivac x2, Barracks Reactor x2  
  72  5:57  Marine x2  
  72  5:59  Supply Depot x2  
  72  6:01  SCV  
  72  6:02  SCV x2  
  77  6:05  Combat Shields  
  77  6:17  Supply Depot x2  
  77  6:20  SCV x3, Marine x5  
  85  6:26  Missile Turret  
  85  6:27  Missile Turret  
  85  6:31  Missile Turret  
  85  6:32  SCV x2, Missile Turret  
  87  6:40  Marine x4  
  87  6:41  Marine x2  
  87  6:42  Marine x3  
  87  6:45  SCV x2  
  98  6:48  SCV  
  99  6:55  Armory  
  99  7:05  Barracks  
  99  7:06  Barracks, SCV x3  
  102  7:09  Medivac x2  
  106  7:18  SCV x2  
  106  7:19  SCV  
  94  7:30  SCV  
  94  7:31  SCV  
  94  7:33  Barracks x2, Marine x7  
  94  7:34  Marine, Factory, Widow Mine x2  
  94  7:35  Marine  
  109  7:39  Supply Depot  
  109  7:43  Supply Depot  
  107  7:48  Terran Infantry Weapons Level 2, Terran Infantry Armor Level 2  
  107  7:52  Terran Vehicle Weapons Level 1  
  107  7:53  Marauder  
  107  7:58  Barracks Tech Lab, Barracks Reactor  
  109  8:05  Marine x8  
  114  8:06  Widow Mine x2  
  114  8:10  Refinery  
  114  8:11  Refinery  
  121  8:14  Marine  
  121  8:17  Marine  
  121  8:18  Medivac x2  
  127  8:21  Barracks Tech Lab, Barracks Reactor, Factory Tech Lab  
  127  8:22  Marine  
  127  8:23  Marine x4  
  127  8:24  Marine  
  133  8:35  Supply Depot x2  
  133  8:52  Drilling Claws  
  133  8:56  Marine x13  
  133  8:57  Command Center  
  133  9:01  Marine x2  
  146  9:14  Marine x3  
  149  9:24  Marine  
  149  9:25  Marine  
  149  9:27  Marine  
  149  9:30  Marine  
  149  9:31  Marine x4  
  149  9:32  Marine x5  
  149  9:33  Marine, Widow Mine x2  
  149  9:36  Widow Mine  
  144  9:47  Marine x2  
  146  9:53  Marine, Marauder  
  146  9:59  Supply Depot x2  
  149  10:00  Marauder  
  149  10:02  Supply Depot  
  149  10:07  Marauder  
  149  10:08  Marine  
  137  10:14  Marauder  
  137  10:21  Marine x7  
  140  10:22  Marine x3  
  140  10:23  Medivac x2, Widow Mine x2  
  140  10:26  Terran Infantry Armor Level 3, Terran Infantry Weapons Level 3  
  126  10:48  Marine  
  108  10:51  Marine  
  108  10:52  Marine x4  
  108  10:56  Marine  
  108  10:57  Marine x3  
  110  10:58  Marine x2, Liberator  
  99  11:07  Marine x4  
  99  11:08  Widow Mine x3  
  99  11:09  Marine x2  
  95  11:13  Marine x3  
  95  11:14  Marine x3  
  95  11:15  Marine, Liberator  
  95  11:17  Barracks  
  105  11:19  Terran Ship Weapons Level 1  
  105  11:31  Marine x6  
  105  11:32  Marine x3  
  114  11:36  Starport  
  117  11:40  Widow Mine, Starport  
  117  11:41  Widow Mine x2  
  117  11:42  Fusion Core  
  123  11:50  Marine, Marauder  
  123  11:51  Marauder x2  
  130  11:56  Liberator x2  
  130  11:58  Liberator  
  130  12:06  Barracks Tech Lab  
  130  12:09  Ghost Academy  
  130  12:10  Widow Mine x2  
  141  12:35  Missile Turret  
  140  12:37  Missile Turret  
  140  12:44  Marine x2  
  140  12:45  Marine x5  
  147  12:55  Liberator x4  
  147  12:57  Marine  
  147  12:58  Marine x5  
  148  13:25  Marauder x2  
  148  13:26  Marauder  
  131  13:41  Marine x8  
  112  13:47  Orbital Command  
  115  13:57  Medivac  
  115  14:00  Medivac  
  119  14:17  Medivac  
Tags
 
Add a new tag
Caveats
  • Supply blocks, unpowered buildings, or Contaminate may cause inaccurate times.
  • Supply counts are checked every 10 seconds.